 Dungeon Crawl Stone Soup version 0.24.0-125-gc4c63601f3 (webtiles) character file.

Game seed: 18268344069368547416, levelgen mode: deterministic

2160 BuffBuff the Cleaver (level 9, -4/79 HPs)
             Began as a Minotaur Berserker on Mar 19, 2020.
             Was a Priest of Trog.
             Splashed by Maurice's acid (12 damage)
             ... on level 8 of the Dungeon.
             The game lasted 00:13:51 (7464 turns).

BuffBuff the Cleaver (Minotaur Berserker)           Turns: 7464, Time: 00:13:52

Health: -4/79      AC:  8    Str: 25    XL:     9   Next: 10%
Magic:  8/8        EV: 11    Int:  4    God:    Trog [***...]
Gold:   0          SH:  0    Dex: 10    Spells: 8/8 levels left

rFire    . . .     SeeInvis .   r - +1 war axe
rCold    . . .     Gourm    .   (no shield)
rNeg     . . .     Faith    .   w - +0 chain mail
rPois    .         Spirit   .   (helmet restricted)
rElec    .         Reflect  .   (no cloak)
rCorr    .         Harm     .   (no gloves)
MR       .....                  q - +1 pair of boots
Stlth    ..........             (no amulet)
HPRegen  0.23/turn              (no ring)
MPRegen  0.11/turn              (no ring)

@: corroded
A: retaliatory headbutt, horns 2
a: Berserk, Trog's Hand, Renounce Religion


You were on level 8 of the Dungeon.
You worshipped Trog.
Trog was most pleased with you.
You were not hungry.

You visited 1 branch of the dungeon, and saw 8 of its levels.

Inventory:

Hand Weapons
 r - a +1 war axe (weapon)
Armour
 q - a +1 pair of boots (worn)
 w - a +0 chain mail (worn)
Wands
 k - a wand of paralysis (5)
 y - a wand of scattershot (4)
Scrolls
 g - a scroll of fog {unknown}
 h - 6 scrolls of identify
 i - 2 scrolls of enchant weapon
 j - 3 scrolls of teleportation
 n - 2 scrolls of enchant armour {unknown}
 s - a scroll of acquirement {unknown}
 x - a scroll of noise {unknown}
Potions
 a - 3 potions of curing
 b - a potion of haste {unknown}
 d - a potion of invisibility {unknown}
 e - 2 potions of flight {unknown}
 f - a potion of degeneration {unknown}
 l - a potion of cancellation {unknown}
 m - a potion of mutation {unknown}
 o - a potion of berserk rage {unknown}
 p - a potion of brilliance {unknown}
 u - 3 potions of heal wounds {unknown}
 v - a potion of magic {unknown}
Comestibles
 c - 13 rations
 t - 13 chunks of flesh


   Skills:
 + Level 7.3 Fighting
 * Level 9.8 Axes
 + Level 6.8 Armour
 + Level 6.3 Dodging


You had 8 spell levels left.
You didn't know any spells.
Your spell library was empty.

Dungeon Overview and Level Annotations

Branches:
Dungeon (8/15)             Temple (0/1) D:6
   Lair: D:8-11

Altars:
Dithmenos
Fedhas
Ru
Sif Muna
Uskayaw
The Shining One

Annotations:
D:8 Maurice


Innate Abilities, Weirdness & Mutations

You reflexively headbutt those who attack you in melee.
You have a pair of horns on your head.


Message History

You slash Maurice! Your headbutt misses Maurice.
Maurice is heavily wounded.
Maurice hits you with a +0 dagger.
Maurice steals 389 gold pieces!
You now have 0 gold pieces.
Your chain mail prevents you from hitting Maurice.
Maurice is heavily wounded.
Maurice hits you but does no damage.
You closely miss Maurice. Your headbutt misses Maurice.
Maurice is heavily wounded.
Maurice zaps a wand.
The bolt of acid hits you!!
You are splashed with acid!
* * * LOW HITPOINT WARNING * * *
You closely miss Maurice.
Maurice is heavily wounded.
Maurice hits you but does no damage.
You barely miss Maurice. Your headbutt misses Maurice.
Maurice is heavily wounded.
Maurice zaps a wand.
The bolt of acid hits you!
* * * LOW HITPOINT WARNING * * *
The acid corrodes you!
You are splashed with acid!
You die...

#####......#.#.......
#..รท.......#.#.......
#.##...#.#.#.#.......
# ##...#...#.#.......
#....#####.#.#.####
#.#..#####.#.#.#
#..........#.#.#
#######..<.........#.#
#.......@###########.#
#.######@........ ...
#.#.............. ..#
#.#....########## ###
#.#..#.# #.####.#
#......# #####..#
#....#


You could see Maurice.

Vanquished Creatures
  Prince Ribbit (D:5)
  Menkaure (D:5)
  2 phantoms
  3 ogres
  3 centaurs (D:7)
  A big kobold (D:7)
  A bullfrog (D:5)
  A scorpion (D:5)
  8 wights (D:6)
  A howler monkey (D:6)
  2 crimson imps
  A centaur zombie (D:7)
  3 bullfrog skeletons
  A hound (D:8)
  An orc priest (D:8)
  Jessica (D:2)
  4 worker ants
  A hound zombie (D:5)
  A hound skeleton (D:4)
  A worker ant zombie (D:6)
  3 gnolls (D:6)
  A howler monkey skeleton (D:6)
  7 adders
  A shadow imp (D:5)
  5 oozes
  An adder skeleton (D:5)
  2 worms
  3 dart slugs
  3 leopard geckos
  9 orcs
  4 giant cockroaches
  11 hobgoblins
  11 jackals
  13 kobolds
  2 quokkas
  A ball python (D:2)
  7 bats
  2 frilled lizards
  9 goblins
  A leopard gecko zombie (D:7)
  A quokka skeleton (D:6)
  2 quokka zombies (D:5)
  8 rats
145 creatures vanquished.

Notes
Turn   | Place    | Note
-------+----------+-------------------------------------------
     0 | D:1      | BuffBuff the Minotaur Berserker began the quest for the
                  | Orb.
     0 | D:1      | Reached XP level 1. HP: 19/19 MP: 0/0
    55 | D:1      | Reached XP level 2. HP: 4/27 MP: 1/1
    58 | D:1      | Reached skill level 4 in Axes
   445 | D:1      | Reached ** piety under Trog
   783 | D:1      | Reached XP level 3. HP: 33/33 MP: 2/2
  1722 | D:2      | Noticed Jessica
  1727 | D:2      | Killed Jessica
  1727 | D:2      | Reached XP level 4. HP: 23/40 MP: 3/3
  1741 | D:2      | Found a glowing golden altar of the Shining One.
  2130 | D:2      | Found a shimmering blue altar of Sif Muna.
  2753 | D:2      | Reached skill level 5 in Axes
  3247 | D:3      | Reached XP level 5. HP: 45/47 MP: 4/4
  3277 | D:3      | Reached *** piety under Trog
  3458 | D:3      | Noticed an ogre
  3470 | D:3      | Killed an ogre
  3729 | D:4      | Noticed an ogre
  3736 | D:4      | Killed an ogre
  3736 | D:4      | Reached skill level 5 in Fighting
  3736 | D:4      | Reached skill level 6 in Axes
  3736 | D:4      | Reached XP level 6. HP: 23/56 MP: 5/5
  4542 | D:5      | Entered Level 5 of the Dungeon
  4656 | D:5      | Found a shadowy altar of Dithmenos.
  4743 | D:5      | Reached XP level 7. HP: 58/61 MP: 6/6
  4767 | D:5      | Found a sacrificial altar of Ru.
  4812 | D:5      | Reached skill level 7 in Axes
  4977 | D:5      | Noticed Menkaure
  4986 | D:5      | Killed Menkaure
  4986 | D:5      | Reached skill level 5 in Armour
  5085 | D:5      | Noticed Prince Ribbit
  5111 | D:5      | Killed Prince Ribbit
  5111 | D:5      | Reached skill level 5 in Dodging
  5111 | D:5      | Reached XP level 8. HP: 34/70 MP: 7/7
  5625 | D:5      | Reached skill level 8 in Axes
  5744 | D:6      | Found a staircase to the Ecumenical Temple.
  6120 | D:6      | Reached skill level 9 in Axes
  6313 | D:6      | Found a blossoming altar of Fedhas.
  6317 | D:6      | Found a hide-covered altar of Uskayaw.
  7065 | D:7      | Reached XP level 9. HP: 69/79 MP: 8/8
  7437 | D:8      | Noticed Maurice
  7464 | D:8      | Splashed by Maurice's acid

Levels and vault maps discovered:
D:1:      shiori_arrival_maze, layout_basic
D:2:      layout_basic, lemuel_coloured_pillars_altar, lemuel_crystal_altar,
          uniq_jessica
D:3:      layout_basic
D:4:      layout_gridville, first_ration
D:5:      layout_loops_cross, marbit_many_paths,
          nicolae_ru_sacrificial_ziggurat, uniq_menkaure, uniq_prince_ribbit1
D:6:      layout_rooms, minitemple, minmay_temple_entry_mist,
          lemuel_flamethrower_1
D:7:      layout_cave_pools
D:8:      layout_basic, overflow_temple_1_default, trog_book, uniq_maurice,
          uniq_joseph

Skill      XL: |  1  2  3  4  5  6  7  8 |
---------------+-------------------------+-----
Axes           | 4 5 6 7 9 |  9.8
Fighting       | 4 5 6 7 |  7.3
Armour         | 3 4 5 6 |  6.8
Dodging        | 3 4 5 6 |  6.3

Action                   |  1- 3 |  4- 6 |  7- 9 || total
-------------------------+-------+-------+-------++-------
Melee: Hand axe          |    43 |       |       ||    43
       Headbutt          |    17 |    31 |    30 ||    78
       Dagger            |    41 |    84 |       ||   125
       War axe           |       |    31 |   160 ||   191
Invok: Berserk           |       |       |     1 ||     1
  Use: Scroll            |       |     7 |       ||     7
  Eat: Chunk             |     2 |     7 |     9 ||    18
       Ration            |       |     1 |       ||     1
Armor: Animal skin       |    11 |    15 |       ||    26
       Chain mail        |       |     8 |    91 ||    99
       Ring mail         |       |     3 |       ||     3
Dodge: Dodged            |    36 |    57 |    71 ||   164
